 Dungeon Crawl Stone Soup version 0.19-a0-49-gb8736b8 (webtiles) character file.

8369 jyri the Bludgeoner (level 11, -3/85 HPs)
             Began as a Minotaur Berserker on May 6, 2016.
             Was an Elder of Trog.
             Slain by an orc warrior
             ... wielding a +0 halberd
              (13 damage)
             ... on level 1 of the Orcish Mines.
             The game lasted 00:44:49 (11186 turns).

jyri the Bludgeoner (Minotaur Berserker)           Turns: 11186, Time: 00:44:50

Health: -3/85      AC: 22    Str: 24    XL:     11   Next: 9%
Magic:  10/10      EV:  7    Int:  4    God:    Trog [****..]
Gold:   574        SH:  0    Dex: 11    Spells: 0 memorised, 10 levels left

rFire  . . .     SeeInvis .     a - +2 flail (protect)
rCold  . . .     Gourm    .     A - +0 plate armour
rNeg   . . .     Faith    .     (no shield)
rPois  .         Spirit   .     v - +2 hat
rElec  .         Dismiss  .     (no cloak)
rCorr  .         Reflect  .     u - +0 pair of gloves
SustAt .         Harm     .     R - +1 pair of boots
MR     ++...                    (no amulet)
Stlth  ..........               (no ring)
                                M - ring of stealth

@: exhausted, regenerating, slowed, studying 2 skills, very slow, very resistant
to hostile enchantments, extremely unstealthy
A: retaliatory headbutt, horns 2
a: Berserk, Trog's Hand, Brothers in Arms, Burn Spellbooks, Renounce Religion


You were on level 1 of the Orcish Mines.
You worshipped Trog.
Trog was greatly pleased with you.
You were very hungry.

You visited 2 branches of the dungeon, and saw 10 of its levels.

You collected 574 gold pieces.

Inventory:

Hand Weapons
 a - a +2 flail of protection (weapon)
 b - a +0 shortbow
 s - the +5 hunting sling of Contention {velocity, *Drain rC+ Str+4 Dex+7}
   (You found it on level 7 of the Dungeon)

   Any stone fired from it inflicts extra damage.
   It affects your strength (+4).
   It affects your dexterity (+7).
   It protects you from cold.
   It causes draining when unequipped.
 E - a +5 flail
 K - a +0 blowgun
Missiles
 c - 18 bolts
 l - 141 arrows
 Z - 2 silver tomahawks (quivered)
Armour
 u - a +0 pair of gloves (worn)
 v - a +2 hat (worn)
 x - a mottled dragon hide
 A - a +0 plate armour (worn)
 R - a +1 pair of boots (worn)
Jewellery
 I - an uncursed ring of ice
 M - a ring of stealth (left hand)
 V - the ring of Dajif {rElec rC+ Str-2 SInv Stlth+}
   (You found it on level 8 of the Dungeon)

   [ring of protection from cold]

   It affects your strength (-2).
   It protects you from cold.
   It insulates you from electricity.
   It lets you see invisible.
   It makes you more stealthy.
Wands
 D - a wand of confusion (33/48)
 L - a wand of flame (26/48)
 N - a wand of confusion (10/48)
 S - a wand of random effects (32/48)
 W - a wand of iceblast (8/15)
 X - a wand of polymorph (11/24)
Scrolls
 d - 4 scrolls of recharging
 e - a scroll of fear {unknown}
 j - 2 scrolls of remove curse
 k - a scroll of enchant weapon {unknown}
 m - 5 scrolls of teleportation
 o - a scroll of amnesia {unknown}
 t - a scroll of fog {unknown}
 H - a scroll of random uselessness {unknown}
 P - a scroll of blinking {unknown}
Potions
 h - 3 potions of heal wounds
 n - a potion of degeneration {unknown}
 p - a potion of curing
 q - 3 potions of ambrosia
 C - a potion of resistance {unknown}
 F - 2 potions of brilliance {unknown}
 O - a potion of haste
 Q - a potion of might {unknown}
Books
 T - a manual of Evocations
 U - a manual of Crossbows
Comestibles
 f - 3 chunks of flesh
 z - 3 meat rations
 G - 6 bread rations


   Skills:
 + Level 4.6 Fighting
   Level 3.9(12.9) Axes
 - Level 15.0(15.1) Maces & Flails
   Level 12.0(12.2) Polearms
 + Level 3.7 Armour
 - Level 2.1 Dodging


You had 10 spell levels left.
You didn't know any spells.

Dungeon Overview and Level Annotations

Branches:
Dungeon (9/15)             Temple (0/1) D:7             Orc (1/2) D:9
   Lair: D:8-11

Altars:
Dithmenos
Fedhas
Gozag
Kikubaaqudgha
Okawaru
Sif Muna
Trog
Vehumet
Zin
Beogh


Innate Abilities, Weirdness & Mutations

You reflexively headbutt those who attack you in melee.
You have a pair of horns on your head.


Message History

You sock the orc warrior!
You kill the orc warrior!
Trog accepts your kill.
The orc warrior hits you but does no damage.
Items here: )) [ † a short sword of flaming; a chain mail; a giant spiked club; an orc corpse You feel a strong urge to attack something.
The orc warrior barely misses you.
You feel your anger subside.
You are no longer berserk.
You are exhausted.
You feel yourself slow down.
You are feeling very hungry.
The orc warrior barely misses you.
The orc warrior hits you from afar with a halberd!
* * * LOW HITPOINT WARNING * * *
The orc warrior hits you from afar with a halberd.
* * * LOW HITPOINT WARNING * * *
The orc warrior hits you but does no damage.
The orc warrior hits you with a halberd!
You die...

#.......#### ##?##..##...###
#....#...#.## #().....#..##.##
##..........# ##.........#...#
###..#.....######)............#
##......#.###.##))......)....##
.#........##...)#).......#.###
.##..........)............##
...#..#.#.##.#...........##
.......#....#...@........#
........#......#o)#.#...## ###
...((...##.....#.))#.....# ##.##
...[#....##.#.....#......###...#
..).(.....####................##
.####...(..##.....#..........##
... #.....#.##...............##
....#.....)..))......>........#
....#.........................##


You could see an orc warrior.

Vanquished Creatures
  An unseen horror (D:8)
  Pikel (D:5)
  A troll (Orc:1)
  Sigmund (D:4)
  A wraith (D:8)
  A hill giant zombie (D:9)
  A spriggan (D:7)
  3 yaks (D:9)
  3 hungry ghosts
  A mottled dragon (D:8)
  A warg (D:9)
  A water moccasin (D:9)
  A soldier ant (D:9)
  Duvessa (D:4)
  8 orc warriors
  4 ice beasts
  3 slaves (D:5)
  3 phantoms
  A black bear (D:8)
  6 ogres
  3 centaurs
  A big kobold (D:7)
  6 giant frogs
  Dowan (D:4)
  3 troll zombies (D:9)
  9 killer bees
  A howler monkey (D:6)
  4 crimson imps
  A giant frog zombie (D:9)
  A centaur zombie (D:6)
  2 quasits
  8 hounds
  A gnoll shaman (D:8)
  2 jellies
  A centaur skeleton (D:4)
  6 orc priests
  9 orc wizards
  A giant frog skeleton (D:4)
  3 iguanas
  Ijyb (D:2)
  Natasha (D:4)
  10 worker ants
  4 ogre zombies (D:9)
  2 hound skeletons
  5 gnolls (D:8)
  15 adders
  A shadow imp (D:9)
  An ooze (D:3)
  An adder zombie (D:7)
  2 adder skeletons
  3 worms
  A dart slug (D:1)
  8 giant geckos
  31 orcs
  2 ball pythons
  7 bats
  5 giant cockroaches
  11 goblins
  12 hobgoblins
  12 jackals
  5 quokkas
  2 giant gecko skeletons
  2 giant newts
  A goblin skeleton (D:9)
  2 goblin zombies (D:9)
  5 hobgoblin zombies (D:9)
  8 kobolds
  7 orc skeletons (D:9)
  10 orc zombies (D:9)
  A quokka skeleton (D:4)
  9 rats
  3 bushes (D:3)
296 creatures vanquished.

Vanquished Creatures (others)
  A centaur (D:5)
  A worm (D:5)
  A giant gecko skeleton (D:5)
3 creatures vanquished.

Grand Total: 299 creatures vanquished

Notes
Turn   | Place    | Note
--------------------------------------------------------------
     0 | D:1      | jyri the Minotaur Berserker began the quest for the Orb.
     0 | D:1      | Reached XP level 1. HP: 19/19 MP: 0/0
   302 | D:1      | Reached skill level 1 in Maces & Flails
   429 | D:1      | Reached XP level 2. HP: 26/26 MP: 1/1
   441 | D:1      | Reached skill level 2 in Maces & Flails
  1168 | D:1      | Reached ** piety under Trog
  1382 | D:2      | Reached skill level 3 in Maces & Flails
  1382 | D:2      | Reached XP level 3. HP: 31/31 MP: 2/2
  1383 | D:2      | Found a bloodstained altar of Trog.
  1384 | D:2      | Noticed Ijyb
  1392 | D:2      | Killed Ijyb
  1392 | D:2      | Reached skill level 4 in Maces & Flails
  1446 | D:2      | Reached XP level 4. HP: 36/39 MP: 3/3
  2231 | D:2      | Found an ancient bone altar of Kikubaaqudgha.
  2231 | D:2      | Found a blossoming altar of Fedhas.
  2450 | D:3      | Reached skill level 5 in Maces & Flails
  2657 | D:3      | Found a radiant altar of Vehumet.
  2697 | D:3      | Reached *** piety under Trog
  2762 | D:3      | Reached XP level 5. HP: 45/45 MP: 4/4
  3559 | D:4      | Noticed Duvessa
  3564 | D:4      | Noticed Dowan
  3572 | D:4      | Killed Duvessa
  3572 | D:4      | Reached skill level 6 in Maces & Flails
  3576 | D:4      | Killed Dowan
  3576 | D:4      | Reached skill level 7 in Maces & Flails
  3576 | D:4      | Reached XP level 6. HP: 51/51 MP: 5/5
  3626 | D:4      | Got a dazzling dagger
  3702 | D:4      | Noticed Sigmund
  3783 | D:4      | Killed Sigmund
  3783 | D:4      | Reached skill level 8 in Maces & Flails
  3858 | D:4      | Found an opulent altar of Gozag.
  3880 | D:4      | Reached XP level 7. HP: 26/57 MP: 6/6
  4511 | D:4      | Reached skill level 5 in Polearms
  4776 | D:4      | Noticed Natasha
  4788 | D:4      | Killed Natasha
  4894 | D:5      | Entered Level 5 of the Dungeon
  4894 | D:5      | Noticed Pikel
  4931 | D:5      | Killed Pikel
  4931 | D:5      | Reached XP level 8. HP: 64/64 MP: 7/7
  5285 | D:5      | Reached skill level 10 in Polearms
  5642 | D:5      | Reached XP level 9. HP: 57/70 MP: 8/8
  5722 | D:6      | Reached **** piety under Trog
  6008 | D:6      | Found a shadowy altar of Dithmenos.
  6138 | D:6      | Found an iron altar of Okawaru.
  6728 | D:7      | Found a deep blue altar of Sif Muna.
  6957 | D:7      | Got a jewelled hunting sling
  6959 | D:7      | Identified the +5 hunting sling of Contention {velocity, *Drain rC+ Str+4 Dex+7} (You found it on level 7 of the Dungeon)
  7198 | D:7      | Reached skill level 9 in Maces & Flails
  7249 | D:7      | Found a staircase to the Ecumenical Temple.
  7609 | D:7      | Reached skill level 10 in Maces & Flails
  7829 | D:8      | Found a glowing silver altar of Zin.
  8156 | D:8      | Reached skill level 11 in Maces & Flails
  8158 | D:8      | Killed an unseen horror
  8158 | D:8      | Reached XP level 10. HP: 77/77 MP: 9/9
  8300 | D:8      | Reached skill level 12 in Maces & Flails
  8401 | D:8      | Got a glittering granite ring
  8402 | D:8      | Identified the ring of Dajif {rElec rC+ Str-2 SInv Stlth+} (You found it on level 8 of the Dungeon)
  8888 | D:9      | Reached skill level 13 in Maces & Flails
  9350 | D:9      | Found a staircase to the Orcish Mines.
  9421 | D:9      | Reached skill level 14 in Maces & Flails
 10309 | Orc:1    | Entered Level 1 of the Orcish Mines
 10564 | Orc:1    | Reached ***** piety under Trog
 10564 | Orc:1    | Reached skill level 15 in Maces & Flails
 10825 | Orc:1    | Reached XP level 11. HP: 63/84 MP: 10/10
 10869 | Orc:1    | Received a gift from Trog
 10997 | Orc:1    | Found a roughly hewn altar of Beogh.
 11186 | Orc:1    | Slain by an orc warrior

Vault maps used:
D:1:      saegor_arrival_simple_b, st_stairs_5
D:2:      grunt_temple_overflow_growth_and_decay, bloody_trog,
          minmay_misc_feat_doors, uniq_iyjb
D:3:      lemuel_round_altar, serial_forest, infiniplex_forest_end_2,
          infiniplex_forest_lined_1, infiniplex_forest_clump_medium,
          infiniplex_forest_corner_2, infiniplex_forest_clump_large,
          infiniplex_forest_lined_room_
D:4:      nicolae_gozag_seed_capital, first_bread, uniq_sigmund, uniq_duvessa,
          uniq_natasha
D:5:      st_stairs_8, uniq_pikel
D:6:      okawaru_gym_becter, hangedman_decor_growths,
          grunt_dithmenos_smoke_and_mirrors
D:7:      minmay_temple_entry_mist, the_bakery, led_sif_book
D:8:      minmay_tri_box, minmay_overflow_temple_hex, lemuel_round_altar,
          disabler_island
D:9:      zombieorc2_lemuel
Orc:1:    minmay_goldmine, serial_shops, nicolae_shop_behind_doors, mines1_david

Skill      XL: |  1  2  3  4  5  6  7  8  9 10 |
---------------+-------------------------------+-----
Maces & Flails | 1 3 4 5 7 8 11 15 | 15.0
Polearms       | 2 8 10 12 | 12.0
Fighting       | 4 |  4.6
Armour         | 3 |  3.7
Axes           | |  3.9
Dodging        | |  2.1

Action                   |  1- 3 |  4- 6 |  7- 9 | 10-12 || total
-------------------------+-------+-------+-------+-------++-------
Melee: Hand axe          |    11 |       |       |       ||    11
       Whip              |    47 |    68 |       |       ||   115
       Headbutt          |     7 |    64 |    59 |    84 ||   214
       Flail             |       |   146 |   358 |   390 ||   894
 Fire: Shortbow          |       |       |    18 |    12 ||    30
       Blowgun           |       |       |     2 |       ||     2
Throw: Stone             |       |       |     6 |       ||     6
Invok: Trog's Hand       |     1 |     2 |     2 |     7 ||    12
       Berserk           |     1 |     2 |     4 |     8 ||    15
  Use: Scroll            |     1 |       |     7 |     1 ||     9
  Eat: Bread ration      |     1 |     1 |       |     2 ||     4
       Chunk             |       |     7 |     8 |     7 ||    22
       Fruit             |       |       |     3 |       ||     3
       Royal jelly       |       |       |     1 |       ||     1
       Pizza             |       |       |     1 |       ||     1
       Meat ration       |       |       |       |     2 ||     2
Armor: Robe              |     3 |     2 |       |       ||     5
       Leather armour    |       |     7 |       |       ||     7
       Plate armour      |       |    17 |   279 |   224 ||   520
Dodge: Dodged            |    37 |    39 |   131 |   136 ||   343
